 Dungeon Crawl Stone Soup version 0.31-a0-358-gac0dbeb3ab (webtiles) character file.

Game seed: 18431431659129362060

15 EC1 the Trooper (level 2, 24/24 HPs)
             Began as a Human Fighter on July 26, 2023.
             Quit the game on level 1 of the Dungeon on July 27, 2023.
             The game lasted 00:02:20 (676 turns).

EC1 the Trooper (Human Fighter)                      Turns: 676, Time: 00:02:21

Health: 24/24      AC:  8    Str: 16    XL:     2   Next: 65%
Magic:  2/2        EV:  8    Int:  8    God:
Gold:   30         SH:  4    Dex: 12    Spells: 1/1 levels left

rFire   . . .        a - +0 long sword
rCold   . . .        c - +0 buckler
rNeg    . . .        b - +0 scale mail
rPois   .            (no helmet)
rElec   .            (no cloak)
rCorr   .            (no gloves)
SInv    .            f - +0 pair of boots
Will    .....        (no amulet) Stlth
                     (no ring)
HPRegen 0.24/turn    (no ring)
MPRegen 0.08/turn

%: no passive effects
@: no status effects
A: no striking features
a: no special abilities


You were on level 1 of the Dungeon.
You visited 1 branch of the dungeon, and saw 1 of its levels.

You collected 30 gold pieces.

Inventory:

Hand Weapons
 a - a +0 long sword (weapon)
 e - a +0 hand axe
Armour
 b - a +0 scale mail (worn)
 c - a +0 buckler (worn)
 f - a +0 pair of boots (worn)
Potions
 d - a potion of might


   Skills:
 + Level 3.3 Fighting
 + Level 2.1 Long Blades
 + Level 3.2 Armour
 + Level 3.2 Shields


You had one spell level left.
You didn't know any spells.
Your spell library contained the following spells:

 Spells                   Type           Power      Damage    Failure   Level
 Cause Fear               Hex            0%         N/A       100%        4
 Fireball                 Conj/Fire      0%         3d3       100%        5
 Dragon's Call            Summ           0%         N/A       100%        9


Dungeon Overview and Level Annotations

Branches:
Dungeon (1/15)

Altars:


Message History

Partly explored, can't reach some items.
No target in view!
No target in view!
Partly explored, can't reach some items.
No target in view!
As you read the scroll labelled GAMUDE HETAPN, it crumbles to dust.
You hear a loud clanging noise!
It was a scroll of noise.
The air fills with toxic fumes!
As you read the scroll labelled NAESAO NYULUJI, it crumbles to dust.
It was a scroll of poison.
Really walk into that cloud of poison gas? [Y]es or [N]o only, please.
Really walk into that cloud of poison gas? [Y]es or [N]o only, please.
Really walk into that cloud of poison gas? [Y]es or [N]o only, please.
Really walk into that cloud of poison gas? [Y]es or [N]o only, please.
Really walk into that cloud of poison gas? [Y]es or [N]o only, please.
Really walk into that cloud of poison gas? [Y]es or [N]o only, please.
Really walk into that cloud of poison gas?
Okay, then.
Unknown command.
As you read the scroll labelled VOSICL XEL BIL, it crumbles to dust.
You feel strangely unstable.
It was a scroll of teleportation.
As you read the scroll labelled KOKASAOMIH, it crumbles to dust.
Your body is wracked with pain!
It was a scroll of torment.
You start resting.
Your surroundings suddenly seem different.
You start resting.
HP restored.
You aren't carrying any scrolls.
It was a potion of magic.
Magic courses through your body.
Saving game... please wait.
Welcome back, EC1 the Human Fighter.
Press ? for a list of commands and other information.
Are you sure you want to abandon this character and quit the game? (Confirm with "yes".)

#....##.##...###..##
#.#####.#....##..##
####.###........##.## ##
####......)..#.....##.#####. #
#....#...###.#..#####.##.... #
##.###..####........##....### ##
##..# #.## #...#####....######
.###..####.# #...# ###..# ##.
......#....# ##.@.# ##..# #..
#........#####>...# ##...# ##.#
......##.####...#.# ##....###..#
.....รท........#.#.# #.....##..##
...[...##.##....#.# #..##.#..##
.#..##..#..#.####.####.###...##
##.####........##.#....###...##
...#######....................###
........[........................


There were no monsters in sight!

Vanquished Creatures
  2 endoplasms (D:1)
  A giant cockroach (D:1)
  3 hobgoblins (D:1)
  A quokka (D:1)
  2 ball pythons (D:1)
  A frilled lizard (D:1)
  2 kobolds (D:1)
  2 rats (D:1)
14 creatures vanquished.

Notes
Turn   | Place    | Note
-------+----------+-------------------------------------------
     0 | D:1      | EC1 the Human Fighter began the quest for the Orb.
     0 | D:1      | Reached XP level 1. HP: 18/18 MP: 1/1
   132 | D:1      | Reached XP level 2. HP: 23/24 MP: 2/2
   676 | D:1      | Quit the game

Illustrated notes

Levels and vault maps discovered:
D:1:      dreamdust_arrival_sigmund_warning, layout_rooms, minivault_26,
          minmay_gold_behind_fungi

Action                     || total
---------------------------++-------
  Melee: Long sword        ||    36
    Use: Scroll            ||     4
         Potion            ||     1
 Armour: Scale mail        ||    17
  Dodge: Dodged            ||    13
  Block: Buckler           ||    10

Table legend: (Time is in decaauts)
 A = Elapsed time spent in this place.
 B = Non-inter-level travel time spent in this place.
 C = Inter-level travel time spent in this place.
 D = Time resting spent in this place.
 E = Time spent auto-exploring this place.
 F = Levels seen in this place.
 G = Mean time per level.
                   A        B        C        D        E       F      G
               +--------+--------+--------+--------+--------+-----+--------+
         Total |    688 |    688 |      0 |     43 |    435 |   1 |  688.0 |
       Dungeon |    688 |    688 |      0 |     43 |    435 |   1 |  688.0 |
               +--------+--------+--------+--------+--------+-----+--------+

Top non-repeatable levels by time:
     D:1: 688 daAuts
